 Dungeon Crawl Stone Soup version 0.29.0-5-ge4962eb29e (webtiles) character file.

Game seed: 8283995116305364596

10364 freelancePsychic the Skirmisher (level 11, 0/99 HPs)
             Began as a Ghoul Fire Elementalist on Aug 29, 2022.
             Was a Priest of Makhleb.
             Slain by Edmund
             ... wielding a +2 vorpal dire flail
              (3 damage)
             ... on level 6 of the Dungeon.
             The game lasted 00:27:39 (14076 turns).

freelancePsychic the Skirmisher (GhFE)             Turns: 14076, Time: 00:27:40

Health: 0/99       AC:  7    Str: 13    XL:     11   Next: 61%
Magic:  14/14      EV: 11    Int: 10    God:    Makhleb [***...]
Gold:   617        SH:  0    Dex: 19    Spells: 13/13 levels left

rFire   + + .      SeeInvis .   b - +2 shortbow (freeze)
rCold   + . .      Faith    .   (shield currently unavailable)
rNeg    + + +      Spirit   .   i - +1 scale mail of Sunlight {rF+ rN+ Stlth+}
rPois   ∞          Reflect  .   (no helmet)
rElec   .          Harm     .   (no cloak)
rCorr   .          Rampage  .   (no gloves)
Will    .....                   (no boots)
Stlth   +++.......              (no amulet)
HPRegen 0.00/turn               d - +6 ring of dexterity
MPRegen 0.14/turn               f - ring of Haskevum {*Corrode rPois rF+ AC+4}

@: corroded, inhibited regen
A: claws 1, cold resistance 1, negative energy resistance 3, inhibited
regeneration, torment resistance 2, devour on kill
a: Renounce Religion, Minor Destruction, Lesser Servant of Makhleb


You were on level 6 of the Dungeon.
You worshipped Makhleb.
Makhleb was most pleased with you.
You visited 1 branch of the dungeon, and saw 10 of its levels.
You also visited: Bailey.

You collected 959 gold pieces.
You spent 342 gold pieces at shops.

Inventory:

Hand Weapons
 a - a +0 sling of electrocution
 b - a +2 shortbow of freezing (weapon)
Missiles
 k - 3 curare-tipped darts
Armour
 e - a +0 robe
 i - the +1 scale mail of Sunlight (worn) {rF+ rN+ Stlth+}
   (You took it off an orc high priest in a bailey)

   rF:        It protects you from fire.
   rN:        It protects you from negative energy.
   Stlth:     It makes you more stealthy.
 o - a +0 ring mail
 v - +0 steam dragon scales
Jewellery
 d - a +6 ring of dexterity (left claw)
 f - the ring of Haskevum (right claw) {*Corrode rPois rF+ AC+4}
   (You acquired it in a bailey)

   [ring of protection]

   AC:        It affects your AC (+4).
   rF:        It protects you from fire.
   rPois:     It protects you from poison.
   *Corrode:  It may corrode you when you take damage.
Wands
 m - a wand of flame (34)
Scrolls
 g - a scroll of vulnerability
 h - 2 scrolls of immolation
 l - a scroll of magic mapping
 p - a scroll of brand weapon
Potions
 c - a potion of attraction {unknown}
 j - a potion of magic
 n - a potion of might {unknown}
 q - a potion of cancellation
 u - 2 potions of lignification
 z - a potion of flight {unknown}


   Skills:
 + Level 9.9 Fighting
 * Level 11.8 Ranged Weapons
 - Level 5.1 Dodging
 - Level 4.9 Stealth
 - Level 1.7 Spellcasting
 - Level 0.7 Conjurations
 - Level 2.4 Fire Magic
 - Level 6.0 Invocations


You had 13 spell levels left.
You didn't know any spells.
Your spell library contained the following spells:

 Spells                   Type           Power      Damage    Failure   Level
 Foxfire                  Conj/Fire      16%        2x1d4     63%         1
 Scorch                   Fire           10%        2d6       65%         2
 Ensorcelled Hibernation  Hex/Ice        0%         N/A       94%         2
 Passwall                 Tmut/Erth      0%         N/A       94%         2
 Conjure Flame            Conj/Fire      4%         6-21      94%         3
 Inner Flame              Hex/Fire       3%         N/A       96%         3
 Confusing Touch          Hex            0%         N/A       99%         3
 Swiftness                Air            0%         N/A       99%         3
 Flame Wave               Conj/Fire      4%         2d5       100%        4
 Yara's Violent Unravell  Hex/Tmut       0%         3d3       100%        5
 Enfeeble                 Hex            0%         N/A       100%        7


Dungeon Overview and Level Annotations

Branches:
Dungeon (10/15)            Temple (0/1) D:5            Lair (0/5) D:9
    Orc (0/2) D:9          Bailey (visited)

Altars:
Dithmenos
Fedhas
Makhleb
Qazlal
Ru
Sif Muna
Xom

Shops:
D:5 (   D:6 *   D:8 !

Annotations:
D:6 Edmund


Innate Abilities, Weirdness & Mutations

You are immune to poison.
You have sharp fingernails.
Your flesh is cold resistant. (rC+)
You are immune to negative energy. (rN+++)
You do not regenerate when monsters are visible.
You are immune to unholy pain and torment.
You thrive by killing the living.


Message History

Edmund attacks as you move away! Edmund misses you. Edmund closely misses you.
Your ynoxinul gestures.
A demon appears!
Edmund hits you with a +2 vorpal dire flail.
Your ufetubus hits Edmund but does no damage.
Your ufetubus closely misses Edmund.
Your ynoxinul barely misses Edmund.
Edmund hits you with a +2 vorpal dire flail!
* * * LOW HITPOINT WARNING * * *
x2 Your ufetubus hits Edmund but does no damage.
Your ufetubus closely misses Edmund.
You swap places.
Edmund completely misses something.
Your hellwing barely misses Edmund. x2
Edmund hits something with a +2 vorpal dire flail!
Edmund hits your hellwing with a +2 vorpal dire flail.
Your hellwing hits Edmund! Your hellwing misses Edmund.
Edmund hits your hellwing with a +2 vorpal dire flail!
Your hellwing hits Edmund!
Your hellwing hits Edmund but does no damage.
Edmund hits your hellwing with a +2 vorpal dire flail!
Edmund hits your hellwing with a +2 vorpal dire flail.
Your hellwing dies!
Your hellwing disappears in a puff of smoke!
Fire: b) +2 shortbow (freeze)
Press: ? - help, Shift-Dir - straight line, f/p - Edmund
Aim: Edmund, wielding a +2 vorpal dire flail and wearing a +4 ring mail of poison resistance (severely wounded, berserk, unaware, hasn't noticed you, 74% to hit)
You shoot an arrow. The arrow hits Edmund.
The arrow freezes Edmund.
Edmund is severely wounded.
Fire: b) +2 shortbow (freeze)
Press: ? - help, Shift-Dir - straight line, f/p - Edmund
Aim: Edmund, wielding a +2 vorpal dire flail and wearing a +4 ring mail of poison resistance (severely wounded, berserk, ally target, 74% to hit)
You shoot an arrow. The arrow barely misses Edmund.
Edmund hits you with a +2 vorpal dire flail.
* * * LOW HITPOINT WARNING * * *
x2
Okay, then.
Okay, then.
A demon appears!
Your ufetubus barely misses Edmund. x2
Edmund hits you with a +2 vorpal dire flail!
* * * LOW HITPOINT WARNING * * *
Your corrosive artefact corrodes you!
You die...

.............##.#.##.....# #.
#...####...#......##.....# #.
#.........#####......##### #.
#...#####.#####.#.########## #.
#<..# #..........#.......# #.
#[..## ####3......#.#####.# #.
#....## #.##3##.#.#####.# #.
#.....######3##.##......##.# #.
.......#......5@@..#.##.##.#####.
.......#.###.#.###.#.##..........
.......#.###.......#.......######
............##.#############
.....###.##.##.# ....## #.##.##.#
....# #.......# ...## #.......#
##.### #.#.#.#.#


You could see Edmund (berserk, ally target), a friendly neqoxec (summoned), a
friendly ynoxinul (summoned) and a friendly ufetubus (summoned).

Vanquished Creatures
  2 two-headed ogres
  An orc high priest (Bailey)
  A shadow (D:9)
  Eustachio (D:6)
  19 yaks
  2 steam dragons (D:7)
  A warg (D:9)
  4 water moccasins
  3 black bears
  An ice beast (D:5)
  An ogre (D:4)
  9 orc warriors (Bailey)
  2 centaurs
  2 phantoms (D:5)
  Blork the orc (D:5)
  2 kobold brigands
  2 bullfrogs (D:8)
  4 scorpions
  5 necrophages
  2 gnoll sergeants
  8 wights (D:10)
  3 killer bees
  5 electric eels (Bailey)
  5 hounds
  6 orc priests
  A jelly (D:4)
  8 iguanas
  6 orc wizards
  12 gnolls
  7 adders
  2 shadow imps
  A white imp (D:8)
  An ufetubus (D:5)
  A dart slug (D:1)
  A worm (D:3)
  32 orcs
  7 endoplasms
  3 giant cockroaches
  12 goblins
  11 hobgoblins
  9 jackals
  10 kobolds
  5 quokkas
  8 ball pythons
  3 bats
  3 frilled lizards
  5 rats
240 creatures vanquished.

Vanquished Creatures (collateral kills)
  Grinder (D:6)
  2 orc warriors (Bailey)
  2 killer bees (D:7)
5 creatures vanquished.

Vanquished Creatures (others)
  45 foxfires
45 creatures vanquished.

Grand Total: 290 creatures vanquished

Notes
Turn   | Place    | Note
-------+----------+-------------------------------------------
     0 | D:1      | freelancePsychic the Ghoul Fire Elementalist began the
                  | quest for the Orb.
     0 | D:1      | Reached XP level 1. HP: 14/14 MP: 2/2
    11 | D:1      | You fall into a shaft and drop 1 floor!
   110 | D:1      | Reached XP level 2. HP: 17/22 MP: 3/3
   216 | D:1      | Reached skill level 1 in Ranged Weapons
   438 | D:1      | Reached skill level 1 in Fighting
   686 | D:1      | Reached XP level 3. HP: 28/28 MP: 4/4
   718 | D:1      | Found a faded altar of an unknown god.
  1437 | D:2      | Reached skill level 2 in Ranged Weapons
  1576 | D:2      | Reached XP level 4. HP: 32/36 MP: 2/5
  2390 | D:4      | Noticed a scorpion
  2542 | D:4      | Noticed an ogre
  2646 | D:4      | Noticed a scorpion
  2659 | D:4      | Killed a scorpion
  2660 | D:4      | Reached skill level 3 in Ranged Weapons
  2660 | D:4      | Reached XP level 5. HP: 31/42 MP: 2/6
  2814 | D:4      | Reached XP level 6. HP: 41/50 MP: 4/7
  3612 | D:4      | Found a burning altar of Makhleb.
  3617 | D:4      | Noticed an angel
  3618 | D:4      | Noticed a green death
  3620 | D:4      | Became a worshipper of Makhleb the Destroyer
  3726 | D:4      | Reached skill level 4 in Ranged Weapons
  3726 | D:4      | Reached skill level 1 in Invocations
  4126 | D:4      | Found a bloodstained altar of Trog.
  4129 | D:4      | Found a shimmering altar of Xom.
  4129 | D:4      | Found a radiant altar of Vehumet.
  4131 | D:4      | Found a blossoming altar of Fedhas.
  4131 | D:4      | Found a sacrificial altar of Ru.
  4131 | D:4      | Found a stormy altar of Qazlal.
  4308 | D:4      | Reached XP level 7. HP: 57/57 MP: 8/8
  4401 | D:5      | Entered Level 5 of the Dungeon
  4461 | D:5      | Found a staircase to the Ecumenical Temple.
  4572 | D:5      | Found a shimmering blue altar of Sif Muna.
  4588 | D:5      | Reached skill level 5 in Ranged Weapons
  4725 | D:5      | Reached XP level 8. HP: 28/67 MP: 9/9
  5003 | D:5      | Found Coepha's Weapon Shop.
  5020 | D:5      | Bought a +1 shortbow of freezing for 173 gold pieces
  5059 | D:5      | Found a shadowy altar of Dithmenos.
  5373 | D:5      | Identified the +9 whip of Heufaj {vorpal, +Blink rElec rC+}
  5430 | D:5      | Noticed Blork the orc
  5436 | D:5      | Killed Blork the orc
  5437 | D:5      | Reached skill level 6 in Ranged Weapons
  5645 | D:5      | Reached skill level 5 in Fighting
  6045 | D:6      | Found Gorchaih's General Store.
  6059 | D:6      | Bought a potion of heal wounds for 65 gold pieces
  6403 | D:6      | Noticed Grinder
  6415 | D:6      | Killed Grinder
  6415 | D:6      | Reached * piety under Makhleb
  6416 | D:6      | Reached skill level 7 in Ranged Weapons
  6416 | D:6      | Reached XP level 9. HP: 75/75 MP: 11/11
  6433 | D:6      | Noticed Edmund
  6623 | D:6      | Noticed Eustachio
  6793 | D:6      | Killed Eustachio
  6794 | D:6      | Reached skill level 5 in Invocations
  7309 | D:7      | Reached skill level 8 in Ranged Weapons
  8510 | D:7      | Reached skill level 9 in Ranged Weapons
  8717 | D:8      | Noticed a two-headed ogre
  8744 | D:7      | Reached XP level 10. HP: 30/86 MP: 13/13
  9127 | D:7      | Killed a two-headed ogre
  9422 | D:8      | Reached ** piety under Makhleb
  9626 | D:8      | Reached skill level 10 in Ranged Weapons
  9877 | D:8      | Found Nyilurho's Distillery.
  9885 | D:8      | Bought a potion of invisibility for 104 gold pieces
  9987 | D:9      | Found a staircase to the Lair.
 10717 | D:9      | Noticed a two-headed ogre
 10724 | D:9      | Killed a two-headed ogre
 10752 | D:9      | Found a staircase to the Orcish Mines.
 11238 | D:9      | Reached XP level 11. HP: 35/95 MP: 14/14
 11763 | D:9      | Noticed a skeletal warrior
 11809 | D:9      | Reached skill level 11 in Ranged Weapons
 11829 | D:9      | Reached *** piety under Makhleb
 11830 | D:9      | Reached skill level 5 in Dodging
 12025 | D:10     | Entered Level 10 of the Dungeon
 12049 | D:10     | Found a flagged portal.
 12058 | Bailey   | Entered a bailey
 12160 | Bailey   | Identified a scroll of acquirement
 12160 | Bailey   | Acquired 471 gold pieces
 12634 | Bailey   | Noticed an orc high priest
 13097 | Bailey   | Acquired the ring of Haskevum {*Corrode rPois rF+ AC+4}
 13168 | Bailey   | Identified the +1 scale mail of Sunlight {rF+ rN+ Stlth+}
 13174 | Bailey   | Noticed a sixfirhy
 13174 | Bailey   | Noticed a sixfirhy
 13184 | Bailey   | Killed an orc high priest
 13461 | Bailey   | Noticed an orc sorcerer
 14076 | D:6      | HP: 3/99 [Edmund/+2 vorpal dire flail (13)]
 14076 | D:6      | Slain by Edmund

Illustrated notes

Levels and vault maps discovered:
D:1:      dpeg_arrival_tiny_a, layout_loops_cross,
          shapermc_ecumenical_altar_ellora, kennysheep_boxes
D:2:      layout_basic, nicolae_concentric_dashed_squares_mild,
          minmay_misc_feat_room
D:3:      layout_basic
D:4:      layout_basic, grunt_temple_overflow_order_and_chaos_2,
          doesnt_xom_only_xom, serial_rivers, chequers_serial_rivers_small_3,
          chequers_serial_rivers_small_b, chequers_serial_rivers_large_b,
          chequers_serial_rivers_room_b
D:5:      layout_loops_cross, grunt_dithmenos_shadows, led_sif_book,
          minmay_temple_entry_junction_2, serial_shops,
          nicolae_shop_bloodbath_and_beyond, kennysheep_generic_room_12,
          uniq_blork_the_orc
D:6:      layout_loops_cross, serial_shops, nicolae_shop_statue_plus,
          uniq_eustachio, uniq_edmund, uniq_grinder
D:7:      layout_gridville
D:8:      layout_rooms, serial_shops, shop, grunt_ministairs_15, kennysheep_nub
D:9:      layout_long_grid, lair_entry_dummy, erik_orc_4, bh_walls_and_bars
D:10:     layout_loops_ring, nicolae_ru_the_path_less_chosen, enter_bailey_2,
          serial_shops, nicolae_shop_hallway_plus

Skill      XL: |  1  2  3  4  5  6  7  8  9 10 11 |
---------------+----------------------------------+-----
Ranged Weapons | 1 2 3 4 5 7 9 10 11 | 11.8
Fighting       | 1 2 3 4 5 7 8 9 |  9.9
Stealth        | 3 4 |  4.9
Invocations    | 1 3 4 6 |  6.0
Dodging        | 2 4 5 |  5.1
Spellcasting   | |  1.7
Conjurations   | |  0.7
Fire Magic     | |  2.4

Action                   |  1- 3 |  4- 6 |  7- 9 | 10-12 || total
-------------------------+-------+-------+-------+-------++-------
 Fire: Sling             |   113 |   159 |   326 |   243 ||   841
       Shortbow          |       |       |       |   243 ||   243
Throw: Dart              |       |       |     3 |    10 ||    13
 Cast: Foxfire           |    13 |    12 |       |       ||    25
Invok: Lesser Servant of |       |       |       |     6 ||     6
  Use: Scroll            |       |     4 |     9 |    14 ||    27
       Potion            |       |     3 |     2 |     3 ||     8
Armor: Robe              |    20 |       |       |       ||    20
       Ring mail         |       |    18 |    52 |    38 ||   108
       Scale mail        |       |       |       |     7 ||     7
Dodge: Dodged            |    58 |    46 |   132 |   161 ||   397
